[Event "Team 45 45 League T72"]
[Site "Internet Chess Club"]
[Date "2017.04.01"]
[Round "3"]
[White "SAC2001"]
[Black "Kronus"]
[Result "1-0"]
[WhiteElo "1933"]
[BlackElo "1558"]
[Opening "Scandinavian (center counter) defense"]
[ECO "B01"]
[Time "10:45:13"]
[TimeControl "2700+45"]

1. e4 d5 2. exd5 c6 3. dxc6 Nxc6 4. Nf3 Bg4 5. h3 Bh5 6. Be2 Qa5 7. Nc3 Nf6 8.
O-O e6 9. d3 Bd6 10. Bg5 Bxf3 11. Bxf3 Qxg5 12. Ne4 Nxe4 13. Bxe4 O-O-O 14. a3
Qf4 15. g3 Qh6 16. Kh2 Ne5 17. b4 f5 18. Bg2 Ng4+ 19. Kg1 Bxg3 20. Qf3 Bh2+ 21.
Kh1 Rd7 22. Rfe1 Ne5 23. Qe2 Qf4 24. Rad1 g5 25. d4 Ng6 26. Qxe6 g4 27. Bxb7+
Kd8 28. Qf6+ Kc7 29. Qc6+ Kb8 30. Qxd7 Nh4 31. Bc6 Qc7 32. Re8+ Rxe8 33. Qxe8+
{Black resigns} 1-0

[Event "Team 45 45 League T72"]
[Site "Internet Chess Club"]
[Date "2017.04.02"]
[Round "3"]
[White "cap78red"]
[Black "jjimalo"]
[Result "1-0"]
[WhiteElo "1518"]
[BlackElo "1794"]
[Opening "English: three knights system"]
[ECO "A27"]
[Time "03:02:51"]
[TimeControl "2700+45"]

1. c4 e5 2. Nc3 Nc6 3. Nf3 d6 4. e4 Bg4 5. Be2 Nf6 6. h3 Bh5 7. g4 Bg6 8. d3 h6
9. Be3 Be7 10. Nd5 a5 11. Qd2 Nd7 12. h4 Nc5 13. h5 Bh7 14. g5 hxg5 15. Nxg5 Ne6
16. h6 gxh6 17. Nxf7 Kxf7 18. Bh5+ Bg6 19. Qe2 Ncd4 20. Bxg6+ Kxg6 21. Qh5+ Kg7
22. Bxh6+ Kh7 23. Qf7+ Ng7 24. Qxg7# {Black checkmated} 1-0

[Event "Team 45 45 League T72"]
[Site "Internet Chess Club"]
[Date "2017.04.02"]
[Round "3"]
[White "chessnow"]
[Black "Darshukarpov"]
[Result "0-1"]
[WhiteElo "1753"]
[BlackElo "1451"]
[Opening "Sicilian: accelerated fianchetto, modern variation with Bc4"]
[ECO "B35"]
[Time "11:48:54"]
[TimeControl "2700+45"]

1. e4 c5 2. Nf3 g6 3. d4 cxd4 4. Nxd4 Nc6 5. Nc3 Bg7 6. Be3 Nf6 7. Bc4 O-O 8.
Bb3 a5 9. O-O d6 10. h3 Nxd4 11. Bxd4 Bd7 12. f4 Bc6 13. Qd3 Nd7 14. Bxg7 Kxg7
15. f5 Qb6+ 16. Kh1 Nc5 17. Qd4+ f6 18. Nd5 Qd8 19. Nf4 Bxe4 20. Ne6+ Nxe6 21.
Qxe4 Nc5 22. Qd5 b5 23. c3 Ra7 24. Bc2 a4 25. Rf3 g5 26. h4 h6 27. Rh3 g4 28.
Rg3 h5 29. Rf1 Qa8 30. Qd4 Rc7 31. Rf4 Rf7 32. Bd1 e5 33. fxe6 Nxe6 34. Qxd6
Nxf4 35. Qxf4 Rc4 36. Qf5 Qe4 37. Bc2 Qxf5 38. Bxf5 Rf4 39. Bd3 Rb7 40. Kg1 b4
41. Ba6 Rb6 42. Bc8 bxc3 43. bxc3 Rb1+ 44. Kh2 Rc1 45. Be6 Re1 46. Bd5 f5 47. c4
Rff1 48. Rd3 f4 49. g3 Rf2+ 50. Bg2 f3 51. Rd7+ Kf6 52. Rd6+ Re6 53. Rxe6+ Kxe6
54. c5 Rxg2+ 55. Kh1 Rxa2 56. Kg1 Kd5 57. Kf1 Rb2 58. c6 Kxc6 59. Ke1 a3 60. Kd1
a2 61. Kc1 a1=Q# {White checkmated} 0-1

[Event "Team 45 45 League T72"]
[Site "Internet Chess Club"]
[Date "2017.04.04"]
[Round "3"]
[White "PsyMar"]
[Black "kllrchris"]
[Result "0-1"]
[WhiteElo "1250"]
[BlackElo "1660"]
[Opening "Pirc: Austrian attack"]
[ECO "B09"]
[Time "14:11:39"]
[TimeControl "2700+45"]

1. Nc3 Nf6 2. e4 d6 3. d4 g6 4. f4 Bg7 5. Nf3 O-O 6. Be2 c5 7. d5 e6 8. Nd2 exd5
9. exd5 Re8 10. O-O a6 11. Nc4 b5 12. Ne3 Nbd7 13. Ng4 Bb7 14. Nxf6+ Nxf6 15.
Bf3 b4 16. Ne2 Bxd5 17. Ng3 Bxf3 18. Qxf3 h5 19. c3 a5 20. f5 Ng4 21. fxg6 fxg6
22. Qd5+ Kh8 23. Bg5 Qb6 24. c4 Re5 25. Qd2 d5 26. h3 Nf6 27. Bh6 dxc4 28. Bxg7+
Kxg7 29. Kh2 Rd8 30. Qf4 Qe6 31. Rac1 Rd4 32. Qf3 h4 33. Qb7+ Kh6 34. Nh1 Qd6
35. Qc8 Re8+ {White resigns} 0-1

[Event "Team 45 45 League T72"]
[Site "Internet Chess Club"]
[Date "2017.04.02"]
[Round "3"]
[White "JPSVI"]
[Black "Signalman"]
[Result "0-1"]
[WhiteElo "1568"]
[BlackElo "1862"]
[Opening "Bird's opening"]
[ECO "A03"]
[Time "13:07:54"]
[TimeControl "2700+45"]

1. f4 d5 2. Nf3 g6 3. g3 Bg7 4. Bg2 Nf6 5. d3 c5 6. O-O O-O 7. Nc3 d4 8. Na4
Nbd7 9. c3 b5 10. Nxc5 Nxc5 11. Nxd4 Bb7 12. Bxb7 Nxb7 13. Nxb5 Qb6+ 14. Nd4 Nd7
15. e3 Nd6 16. Qb3 Nc5 17. Qxb6 axb6 18. Rd1 Rfc8 19. e4 Bxd4+ 20. cxd4 Nb3 21.
Rb1 Rxa2 22. Be3 Rc2 23. d5 Nc5 24. Ra1 Rcxb2 25. Rxa2 Rxa2 26. e5 Nf5 27. Bf2
h5 28. h3 Ra3 29. g4 hxg4 30. hxg4 Nh6 31. d6 exd6 32. g5 Ng4 33. exd6 Nxf2 34.
Kxf2 Rxd3 35. Rxd3 Nxd3+ 36. Ke3 Nc5 37. Kd4 Nd7 38. Kc4 Kf8 39. Kb5 Ke8 40. Kc6
Kd8 41. Kb5 Nc5 42. Kxb6 Ne6 43. Kc6 Nxf4 44. d7 Ne6 {White resigns} 0-1

[Event "Team 45 45 League T72"]
[Site "Internet Chess Club"]
[Date "2017.04.01"]
[Round "3"]
[White "ChessRooklift"]
[Black "fireball"]
[Result "0-1"]
[WhiteElo "1761"]
[BlackElo "1581"]
[Opening "QGD Slav: 4.Nc3"]
[ECO "D15"]
[Time "13:07:55"]
[TimeControl "2700+45"]

1. d4 Nf6 2. Nf3 d5 3. c4 c6 4. Nc3 Bg4 5. e3 e6 6. Qb3 Qc7 7. Bd2 Nbd7 8. cxd5
exd5 9. Bd3 Bd6 10. h3 Bh5 11. Nh4 O-O 12. Rc1 Qb6 13. Qc2 Bg6 14. Na4 Bxd3 15.
Nxb6 Bxc2 16. Nxd7 Nxd7 17. Rxc2 f5 18. g3 Rae8 19. O-O g5 20. Ng2 Nf6 21. a3
Ne4 22. Bb4 Bxb4 23. axb4 Rf6 24. b5 cxb5 25. Rc7 Rf7 26. Rfc1 Ree7 27. Rc8+ Kg7
28. h4 h6 29. hxg5 hxg5 30. Ra8 Rc7 31. Rc8 Rxc1+ 32. Rxc1 Kf6 33. Ne1 Ke6 34.
Nd3 Kd6 35. Kg2 Rc7 36. Rh1 Re7 37. Rh6+ Re6 38. Rh8 a5 39. Ne5 Kc7 40. Rh7+ Kb8
41. f3 Nd6 42. Nd7+ Ka7 43. Kf2 Nc4 44. Nc5 Rb6 45. b3 Nd6 46. Rg7 g4 47. fxg4
Ne4+ 48. Nxe4 fxe4 49. g5 a4 50. b4 a3 51. Rh7 Rc6 52. g4 Rc1 53. Kg3 a2 54. Kf4
a1=Q 55. g6 Qa6 56. Rh6 Qf6+ 57. Kg3 Rg1+ {White resigns} 0-1

[Event "Team 45 45 League T72"]
[Site "Internet Chess Club"]
[Date "2017.04.04"]
[Round "3"]
[White "Insan996"]
[Black "backrankbrawler"]
[Result "0-1"]
[WhiteElo "1600"]
[BlackElo "1752"]
[Opening "QGD semi-Slav"]
[ECO "D43"]
[Time "21:42:53"]
[TimeControl "2700+45"]

1. d4 Nf6 2. Nf3 e6 3. c4 d5 4. Nc3 c6 5. Qb3 Nbd7 6. Bg5 Be7 7. e3 O-O 8. Be2
dxc4 9. Qxc4 Nd5 10. Bxe7 Qxe7 11. O-O N5f6 12. Rac1 e5 13. dxe5 Nxe5 14. Qh4
Ng6 15. Qa4 Be6 16. Ne4 Nxe4 17. Qxe4 Bxa2 18. Qxe7 Nxe7 19. Rfd1 Rfd8 20. Rxd8+
Rxd8 21. Ra1 Bd5 22. Rxa7 Rb8 23. Ne5 Nc8 24. Ra1 Nb6 25. Ra7 f6 26. Nd3 Nc8 27.
Ra1 Nd6 28. Nc5 Nc4 29. e4 Bf7 30. Nxb7 Nxb2 31. Nd6 Be6 32. f4 Kf8 33. f5 Bg8
34. Rb1 Ke7 35. Nc4 Bxc4 36. Bxc4 Rb6 37. Ba2 Kd6 38. Kf2 Ke5 39. Ke3 Nc4+ 40.
Kd3 Rxb1 41. Bxb1 Nd6 42. Ke3 c5 43. g4 h6 44. h4 Nb5 45. Bd3 Nd6 46. Bb1 Nc4+
47. Kd3 Na3 48. Ba2 Kf4 49. Bf7 Kxg4 50. h5 Kf4 51. Bd5 Nb5 52. Kc4 Nd6+ 53.
Kxc5 Nxe4+ 54. Bxe4 Kxe4 55. Kd6 Kxf5 56. Ke7 Kg5 57. Kf7 f5 {White resigns} 0-1

[Event "Team 45 45 League T72"]
[Site "Internet Chess Club"]
[Date "2017.04.01"]
[Round "3"]
[White "JasonModer"]
[Black "Ptzz"]
[Result "1/2-1/2"]
[WhiteElo "2031"]
[BlackElo "2028"]
[Opening "QGD Slav defense"]
[ECO "D10"]
[Time "09:01:27"]
[TimeControl "2700+45"]

1. d4 d5 2. c4 c6 3. e3 Nf6 4. Nc3 a6 5. Nf3 b5 6. b3 Bg4 7. Be2 e6 8. O-O Bd6
9. Bb2 Nbd7 10. h3 Bh5 11. Ne5 Bxe2 12. Nxe2 Rc8 13. c5 Bb8 14. Nf4 O-O 15. Nfd3
Ne4 16. b4 f6 17. Nxd7 Qxd7 18. f4 f5 19. a4 Bc7 20. axb5 axb5 21. Ra7 Qd8 22.
Qa1 Nd2 23. Rf2 Ne4 24. Rf1 Nd2 25. Rf2 Ne4 26. Rc2 Ra8 27. Bc1 g5 28. Rxa8 Qxa8
29. Ra2 Qe8 30. Bd2 Qh5 31. Be1 g4 32. hxg4 Qxg4 33. Nf2 Nxf2 34. Bxf2 Kh8 35.
Ra8 Bb8 36. Qa6 Qd1+ 37. Kh2 Qe2 38. Qb7 Qxf2 39. Rxb8 Qh4+ 40. Kg1 Qe1+ 41. Kh2
Qh4+ 42. Kg1 Qe1+ 43. Kh2 Qh4+ 44. Kg1 {Game drawn by repetition} 1/2-1/2

[Event "Team 45 45 League T72"]
[Site "Internet Chess Club"]
[Date "2017.03.31"]
[Round "3"]
[White "ganymede57"]
[Black "RickyWang"]
[Result "1-0"]
[WhiteElo "2049"]
[BlackElo "1813"]
[Opening "Sicilian: Sozin, Leonhardt variation"]
[ECO "B88"]
[Time "19:00:51"]
[TimeControl "2700+45"]

1. e4 c5 2. Nf3 d6 3. d4 cxd4 4. Nxd4 Nf6 5. Nc3 Nc6 6. Bc4 e6 7. O-O Be7 8. Be3
O-O 9. Qe2 a6 10. Rad1 Qc7 11. Nxc6 Qxc6 12. Bd3 b5 13. a3 Bb7 14. f3 Rac8 15.
Qf2 Nd7 16. Bd4 Bf6 17. Bxf6 Nxf6 18. Rd2 Qc5 19. Rfd1 Qxf2+ 20. Kxf2 d5 21. e5
Nd7 22. Re1 f6 23. exf6 Rxf6 24. Na2 Nb6 25. c3 Nc4 26. Rde2 Kf7 27. h4 h6 28.
Nc1 Ke7 29. Nb3 Kd6 30. Bxc4 bxc4 31. Nd4 Re8 32. Re5 g6 33. g4 Bc8 34. Kg3 Ref8
35. g5 hxg5 36. hxg5 R6f7 37. Rxe6+ Bxe6 38. Rxe6+ Kc7 39. Rxg6 Kb7 40. Re6 a5
41. g6 Rf6 42. Kg4 Rxe6 43. Nxe6 Rg8 44. Kg5 Kc6 45. f4 Kd6 46. f5 Ke5 47. Nd4
Rh8 48. f6 Rh1 49. f7 Rf1 50. g7 Rg1+ 51. Kh4 Rg6 52. g8=Q Rh6+ 53. Kg5 Rg6+
{Black resigns} 1-0

[Event "Team 45 45 League T72"]
[Site "Internet Chess Club"]
[Date "2017.04.02"]
[Round "3"]
[White "vjbaker"]
[Black "Dreamshell"]
[Result "0-1"]
[WhiteElo "1832"]
[BlackElo "1907"]
[Opening "Sicilian: Najdorf, 7...Qb6"]
[ECO "B97"]
[Time "14:31:46"]
[TimeControl "2700+45"]

1. e4 c5 2. Nf3 d6 3. d4 cxd4 4. Nxd4 Nf6 5. Nc3 a6 6. Bg5 e6 7. f4 Qb6 8. Nb3
Be7 9. Qf3 Qc7 10. O-O-O b5 11. e5 Bb7 12. Qg3 dxe5 13. fxe5 Ne4 14. Nxe4 Bxe4
15. Bd3 Bxd3 16. Rxd3 Bxg5+ 17. Qxg5 O-O 18. Rhd1 Nc6 19. Rd6 Nb4 20. c3 Nd5 21.
Nd4 Rfd8 22. Nf5 f6 23. exf6 Rxd6 24. Nxd6 Nxf6 25. Qg3 Rd8 26. Kc2 Nd5 27. Ne4
Qxg3 28. hxg3 Ne3+ 29. Kb3 Rxd1 30. a4 Nc4 31. axb5 axb5 32. Kb4 Nxb2 33. Kxb5
Re1 34. Nc5 Re3 35. c4 Rc3 36. Nxe6 Rxc4 37. Nc5 Rg4 38. Kc6 Rxg3 39. Kd7 Rxg2
40. Ke7 h5 41. Ne6 Re2 42. Kd6 Rxe6+ 43. Kxe6 h4 44. Ke7 h3 45. Kd7 h2 46. Ke7
h1=Q 47. Kd7 Qd5+ 48. Kc7 Kf7 49. Kb6 Ke7 50. Ka6 Qb3 51. Ka7 Kd7 52. Ka6 Kc6
53. Ka5 Qb5# {White checkmated} 0-1

[Event "Team 45 45 League T72"]
[Site "Internet Chess Club"]
[Date "2017.04.05"]
[Round "3"]
[White "cityprosecutor"]
[Black "Elton2013"]
[Result "1/2-1/2"]
[WhiteElo "1703"]
[BlackElo "1806"]
[Opening "Scotch: Göring gambit"]
[ECO "C44"]
[Time "17:03:36"]
[TimeControl "2700+45"]

1. e4 e5 2. Nf3 Nc6 3. d4 exd4 4. c3 Bc5 5. cxd4 Bb4+ 6. Bd2 Bxd2+ 7. Qxd2 d6 8.
Bc4 Nf6 9. Nc3 O-O 10. O-O-O a6 11. Rhe1 b5 12. Bd5 Bd7 13. e5 Nxd5 14. Nxd5 Be6
15. Nb4 Nxb4 16. Qxb4 Qb8 17. d5 c5 18. Qe4 f5 19. exf6 Bf7 20. Ng5 Bg6 21. Qe6+
Bf7 22. Nxf7 Rxf7 23. fxg7 Kxg7 24. Re3 Rxf2 25. Rg3+ Kh8 26. Qe3 Qf8 27. Qc3+
Qf6 28. Qxf6+ Rxf6 29. Rd2 Rg8 30. Re3 Kg7 31. Re7+ Rf7 32. Re6 Rd8 33. Rde2
Rdd7 34. Kd2 Rf5 35. Ke3 Rxd5 36. Ke4 Rd4+ 37. Ke3 Rf7 38. Re8 d5 39. Rc8 Re7+
40. Kf2 Rxe2+ 41. Kxe2 Rc4 42. Kd2 d4 43. Ra8 Ra4 44. a3 a5 45. Kd3 Kg6 46. Rc8
b4 47. Rxc5 bxa3 48. bxa3 Rxa3+ 49. Kxd4 a4 50. Rc3 Ra1 51. Rg3+ Kf5 52. Rf3+
Kg6 53. Rg3+ Kf6 54. Rf3+ Kg7 55. Rg3+ Kh8 56. Kc4 Rb1 57. Kd4 Rb4+ 58. Kc5 Rb3
59. Rg4 a3 60. Ra4 Kg7 61. Kc4 Re3 62. Kd4 Rb3 63. Kc4 Re3 64. Kd4 Rb3 65. Kc4
{Game drawn by repetition} 1/2-1/2

[Event "Team 45 45 League T72"]
[Site "Internet Chess Club"]
[Date "2017.04.01"]
[Round "3"]
[White "dp15"]
[Black "JSCOL"]
[Result "0-1"]
[WhiteElo "2005"]
[BlackElo "2081"]
[Opening "Sicilian: accelerated fianchetto, Breyer variation"]
[ECO "B39"]
[Time "20:08:22"]
[TimeControl "2700+45"]

1. e4 c5 2. Nf3 Nc6 3. d4 cxd4 4. Nxd4 g6 5. c4 Bg7 6. Be3 Nf6 7. Nc3 Ng4 8.
Qxg4 Nxd4 9. Qd1 Ne6 10. Be2 b6 11. O-O Bb7 12. f3 O-O 13. Rc1 f5 14. exf5 Rxf5
15. Bd3 Rf7 16. Qd2 Qb8 17. Be4 Bxc3 18. Qxc3 Bxe4 19. fxe4 Rxf1+ 20. Rxf1 Qd6
21. e5 Qc7 22. Bh6 Rc8 23. Qf3 Kh8 24. Qf7 Qc5+ 25. Kh1 Rg8 26. h3 Qxc4 27. Rf3
Qh4 28. Bd2 Rf8 29. Qxf8+ Nxf8 30. Rxf8+ Kg7 31. Rf1 Qc4 32. Rf4 Qxa2 33. Bc3 e6
34. Rd4 g5 35. Rxd7+ Kg6 36. Rd6 h5 37. Kh2 Qb3 38. Bd4 Kf5 39. Bc3 a5 40. Rd2
a4 41. Bd4 b5 42. Kg1 b4 43. Kf2 a3 44. bxa3 bxa3 45. Ke1 a2 46. Rd1 Ke4 47. Ba1
Qc2 48. Rd2 Qb1+ 49. Rd1 Kf4 50. Ke2 Kg3 51. Bc3 Qc2+ 52. Bd2 Qxd1+ 53. Kxd1
a1=Q+ 54. Ke2 Qxe5+ 55. Kf1 Qb5+ 56. Kg1 Qb1+ {White resigns} 0-1

[Event "Team 45 45 League T72"]
[Site "Internet Chess Club"]
[Date "2017.04.02"]
[Round "3"]
[White "santiagoelawad"]
[Black "hood"]
[Result "1/2-1/2"]
[WhiteElo "2018"]
[BlackElo "1965"]
[Opening "English: Anglo-Grünfeld defense"]
[ECO "A16"]
[Time "16:05:50"]
[TimeControl "2700+45"]

1. c4 Nf6 2. Nc3 d5 3. cxd5 Nxd5 4. e4 Nb6 5. d4 g6 6. Be3 Bg7 7. Qd2 Nc6 8. Rd1
O-O 9. Nf3 Bg4 10. b3 e5 11. d5 Nd4 12. Be2 Nxe2 13. Qxe2 f5 14. h3 Bh5 15. Qc2
Qd7 16. Rd2 fxe4 17. Ng5 h6 18. Ne6 g5 19. Nxf8 Rxf8 20. Qxe4 Nc8 21. Qa4 Qe7
22. Ne4 b6 23. Qc6 Qb4 24. Qc4 Qxc4 25. bxc4 Bg6 26. Ng3 Nd6 27. c5 Nc4 28. Rd1
Nb2 29. Rd2 Nc4 30. Rd1 Nb2 31. Ke2 Nxd1 32. Rxd1 bxc5 33. Bxc5 Rb8 34. Rd2 a5
35. Ke3 Rb5 36. Ba3 h5 37. Ne4 g4 38. h4 Rb1 39. Ng5 Re1+ 40. Re2 Rd1 41. Rd2
Re1+ 42. Re2 Rd1 43. Rd2 Rxd2 44. Kxd2 Bh6 45. Be7 Bxg5+ 46. Bxg5 Be4 47. Bd8
Bxd5 48. Bxc7 Bxa2 49. Bxa5 Bd5 50. g3 Kf7 51. Ke3 Ke6 52. Bd8 Bf3 53. Bg5 Bh1
54. Kd3 Kd5 55. Kc3 Be4 56. Kb4 Bg6 57. Kb5 Be8+ 58. Kb6 Kd6 59. Kb7 Ke6 60. Kc7
Ba4 61. Kd8 Kf7 62. Bh6 Kg6 63. Bc1 e4 64. Ke7 Bc2 65. Ke6 Bb1 66. Ke5 Bd3 {Game
drawn by mutual agreement} 1/2-1/2

[Event "Team 45 45 League T72"]
[Site "Internet Chess Club"]
[Date "2017.04.01"]
[Round "3"]
[White "soccerisfun"]
[Black "alegro"]
[Result "1-0"]
[WhiteElo "1963"]
[BlackElo "1929"]
[Opening "Sicilian: accelerated fianchetto, Maróczy bind, 6.Be3"]
[ECO "B38"]
[Time "13:00:40"]
[TimeControl "2700+45"]

1. e4 c5 2. Nf3 g6 3. d4 cxd4 4. Nxd4 Bg7 5. c4 Nc6 6. Be3 Nf6 7. Nc3 O-O 8. f3
d6 9. Qd2 Nxd4 10. Bxd4 Bd7 11. Be2 Bc6 12. O-O a5 13. a3 a4 14. Rfd1 Nd7 15.
Nd5 Nc5 16. Bxg7 Kxg7 17. Rab1 e5 18. Ne3 Qg5 19. Nf5+ Kf6 20. Qxd6+ {Black
resigns} 1-0

[Event "Team 45 45 League T72"]
[Site "Internet Chess Club"]
[Date "2017.03.31"]
[Round "3"]
[White "primerpaso"]
[Black "joebobpop"]
[Result "1/2-1/2"]
[WhiteElo "1842"]
[BlackElo "1945"]
[Opening "English: Anglo-Grünfeld, Smyslov defense"]
[ECO "A16"]
[Time "19:22:06"]
[TimeControl "2700+45"]

1. c4 Nf6 2. Nc3 d5 3. cxd5 Nxd5 4. g3 g6 5. Bg2 Nxc3 6. bxc3 Bg7 7. Nf3 O-O 8.
O-O c5 9. d4 Nc6 10. e3 Qa5 11. Qb3 Rb8 12. Ba3 cxd4 13. cxd4 Be6 14. Qb2 h6 15.
Rfc1 Rfc8 16. Rc5 Qd8 17. Rac1 Bd7 18. Qd2 b6 19. R5c3 Na5 20. Rxc8 Rxc8 21.
Rxc8 Bxc8 22. Qc2 Bb7 23. Bb4 Nc6 24. Bc3 Qc7 25. Qd3 e6 26. Qc4 Qd6 27. Nd2 Qd7
28. Nb3 Nd8 29. e4 a6 30. h3 Bf8 31. d5 f5 32. dxe6 Qxe6 33. Qd4 fxe4 34. Qxd8
a5 35. Qd4 Kf7 36. Nd2 Bd5 37. Nxe4 Bxa2 38. Qe5 Qxe5 39. Bxe5 Bb4 40. Bc7 b5
41. Bf1 Bb1 42. f3 a4 43. Bxb5 a3 44. Bc4+ Ke7 45. Be5 Kd7 46. Kf1 Kc6 47. Ke2
Bc2 48. Ba2 Kb5 49. Nc3+ Kc5 50. Kd2 Bf5 51. g4 Bd7 52. Kc2 Bc6 53. Ne4+ Kb5 54.
Bd6 Bxd6 55. Nxd6+ Kc5 56. Nf7 Bxf3 57. Nxh6 Kd4 58. Nf7 Ke3 59. Ng5 Be2 60. Kb3
Kf4 61. Nf7 g5 62. Kxa3 Bf1 63. Be6 Bxh3 64. Nh6 Ke5 65. Bc8 Kf6 66. Ng8+ Kf7
67. Nh6+ Kg6 68. Ng8 Kf7 69. Nh6+ {Game drawn by mutual agreement} 1/2-1/2

[Event "Team 45 45 League T72"]
[Site "Internet Chess Club"]
[Date "2017.04.03"]
[Round "3"]
[White "otherook"]
[Black "calsal"]
[Result "0-1"]
[WhiteElo "1699"]
[BlackElo "1728"]
[Opening "English opening"]
[ECO "A13"]
[Time "18:30:53"]
[TimeControl "2700+45"]

1. c4 e6 2. g3 Nf6 3. Bg2 d5 4. cxd5 exd5 5. Nf3 c5 6. O-O Nc6 7. d3 Be7 8. h3
O-O 9. Nbd2 Bf5 10. Re1 Qd7 11. Kh2 Rfe8 12. b3 Rad8 13. Bb2 d4 14. Ng5 Nd5 15.
Nge4 b6 16. Rc1 h5 17. Nf1 h4 18. gxh4 Nf4 19. Nfg3 {White resigns} 0-1

[Event "Team 45 45 League T72"]
[Site "Internet Chess Club"]
[Date "2017.04.01"]
[Round "3"]
[White "crazyhorses"]
[Black "Chess4Him"]
[Result "0-1"]
[WhiteElo "1379"]
[BlackElo "1588"]
[Opening "Robatsch (modern) defense"]
[ECO "B06"]
[Time "08:00:49"]
[TimeControl "2700+45"]

1. e4 g6 2. Nf3 Bg7 3. d3 d6 4. Nbd2 c5 5. g3 Nc6 6. c3 a6 7. Bg2 Nf6 8. O-O O-O
9. Re1 Nd7 10. Nc4 b5 11. Ne3 Bb7 12. Qc2 Nb6 13. b3 b4 14. Bb2 bxc3 15. Bxc3
Nd4 16. Nxd4 cxd4 {White resigns} 0-1

[Event "Team 45 45 League T72"]
[Site "Internet Chess Club"]
[Date "2017.04.01"]
[Round "3"]
[White "mongmong"]
[Black "PsyMar"]
[Result "1-0"]
[WhiteElo "1499"]
[BlackElo "1253"]
[Opening "Dutch defense"]
[ECO "A81"]
[Time "13:03:14"]
[TimeControl "2700+45"]

1. d4 f5 2. g3 Nf6 3. Bg2 g6 4. Nf3 Bg7 5. O-O d6 6. b3 Nfd7 7. Bb2 c5 8. c4 Nc6
9. e3 O-O 10. Qd2 e5 11. dxe5 Ndxe5 12. Nxe5 Nxe5 13. Nc3 Rf7 14. Rad1 Rd7 15.
f4 Nc6 16. Nd5 Ne7 17. Bxg7 Nxd5 18. Bxd5+ Kxg7 19. Qc3+ Qf6 20. Qxf6+ Kxf6 21.
e4 Rb8 22. Rfe1 Re7 23. exf5 gxf5 24. Rxe7 Kxe7 25. Re1+ Kf6 26. Re8 Kg6 27. Kf2
Kh5 28. Rd8 Kg4 29. Rxd6 b6 30. Rd8 Kh3 31. Kg1 h5 32. Rh8 Kg4 33. Kg2 h4 34.
h3# {Black checkmated} 1-0

[Event "Team 45 45 League T72"]
[Site "Internet Chess Club"]
[Date "2017.04.02"]
[Round "3"]
[White "kllrchris"]
[Black "zepled37"]
[Result "0-1"]
[WhiteElo "1657"]
[BlackElo "1718"]
[Opening "Sicilian: Taimanov variation"]
[ECO "B48"]
[Time "17:06:35"]
[TimeControl "2700+45"]

1. e4 c5 2. Nf3 e6 3. d4 cxd4 4. Nxd4 Nc6 5. Nc3 Qc7 6. Be3 a6 7. Qd2 Nf6 8.
O-O-O Be7 9. f3 Ne5 10. g4 b5 11. g5 Nh5 12. f4 Nc4 13. Bxc4 Qxc4 14. Kb1 O-O
15. b3 Qc7 16. Nce2 Bb7 17. Ng3 Nxg3 18. hxg3 Bxe4 19. Qh2 Bxh1 20. Rxh1 f6 21.
Qxh7+ Kf7 22. Qh5+ g6 23. Qh7+ Ke8 24. Qxg6+ Kd8 25. Qg7 Qc3 26. Rh7 Re8 27.
gxf6 Qxe3 28. f7 Rf8 29. Rh8 Kc7 30. Rh1 Bc5 31. Rd1 Bxd4 32. Rxd4 e5 33. Rd3
Qe1+ 34. Kb2 exf4 35. Rc3+ Kb7 36. Qd4 Qe6 37. gxf4 Rac8 38. Rxc8 Rxc8 39. Qg7
Qe7 40. Qg2+ Kc7 41. Qg7 Rf8 42. Qc3+ Kb6 43. Qd4+ Kc6 44. Qa7 Qf6+ 45. c3 Rxf7
46. Qxa6+ Kc7 47. Qa7+ Kd8 48. Qb8+ Ke7 49. Qxb5 Qxf4 50. a4 Qh2+ 51. Ka3 Qd6+
52. b4 Rf6 53. a5 Qc6 54. Qe5+ Re6 55. Qg7+ Kd8 56. Qh8+ Kc7 57. Qh2+ Rd6 58.
Kb3 Qd5+ 59. Ka4 Qc4 60. Qg3 Qc6+ 61. Kb3 Kb7 62. c4 Rg6 63. Qc3 Qg2 64. Qd4
Rg3+ 65. Ka4 Qa2+ 66. Kb5 Rg5+ 67. c5 Qe2+ 68. Ka4 Qc2+ 69. Kb5 Qe2+ 70. Ka4 Qg4
71. a6+ Kxa6 72. Qd6+ Kb7 73. Qb6+ Kc8 74. Qa6+ Kd8 75. Qf6+ Ke8 76. Qh8+ Kf7
77. Qh7+ Rg7 78. Qd3 Qe6 79. Qf3+ Ke7 80. Qf2 Qc6+ 81. Kb3 Qe6+ 82. Ka4 Qa6+ 83.
Kb3 Rg6 84. Qf3 Rf6 85. Qe4+ Qe6+ 86. Qc4 Rf3+ {White resigns} 0-1

[Event "Team 45 45 League T72"]
[Site "Internet Chess Club"]
[Date "2017.03.30"]
[Round "3"]
[White "justice02"]
[Black "Mitochondria"]
[Result "1/2-1/2"]
[WhiteElo "1668"]
[BlackElo "1598"]
[Opening "Sicilian: Alapin's variation (2.c3)"]
[ECO "B22"]
[Time "20:04:38"]
[TimeControl "2700+45"]

1. e4 c5 2. c3 d6 3. Bc4 e6 4. d4 cxd4 5. cxd4 Nf6 6. Nc3 Be7 7. Nf3 b6 8. O-O
O-O 9. Re1 Bb7 10. Bb3 Nbd7 11. Bc2 e5 12. d5 Ba6 13. b4 Rc8 14. Bb2 Rc7 15. Rc1
Nh5 16. b5 Bb7 17. Nxe5 Nxe5 18. Qxh5 Bg5 19. Rcd1 Qf6 20. Bd3 Rfc8 21. Ne2 Qg6
22. Qxg6 hxg6 23. f4 Nxd3 24. Rxd3 Be7 25. e5 Rc5 26. exd6 Bxd6 27. a4 Rxd5 28.
Rxd5 Bxd5 29. Rd1 Bc5+ 30. Nd4 Bb3 31. Rd2 Bxa4 32. Kf1 Bxd4 33. Bxd4 Bxb5+ 34.
Kf2 Rd8 35. g3 Rd7 36. Kf3 Bc4 37. Ke3 b5 38. Rb2 Re7+ 39. Kd2 Re2+ 40. Kc3 Rxb2
41. Kxb2 a6 42. Bc3 f6 43. Ka3 g5 44. fxg5 f5 45. Kb4 g6 46. Kc5 Kf7 47. Kd6 Ke8
48. h4 Kf7 49. Ke5 Be2 50. Bb4 Bc4 51. Ba5 Be2 52. Bb4 Bh5 53. Ba5 Ke7 54. Kd5
Kd7 55. Kc5 Ke6 56. Bc3 Be2 57. Kd4 Kd6 58. Bb4+ Kc6 59. Ba5 Bh5 60. Bd8 Be2 61.
Ba5 Bg4 62. Bd8 Be2 63. Ba5 Bd1 64. Bd8 b4 65. Kc4 b3 66. Kc3 Kb5 67. h5 Bxh5
68. Kxb3 Kc5 69. Bc7 Kd5 70. Kb4 Ke4 71. Bf4 Be2 72. Ka5 Kf3 73. Kb4 Ke4 74. Ka5
Kd5 75. Bb8 Kc6 76. Bf4 Bb5 77. Bb8 Kd5 78. Bf4 Kc4 79. Bb8 Kd3 80. Bf4 Ke4 81.
Kb4 Be2 82. Ka5 Kf3 83. Kb4 Ke4 84. Ka5 {Game drawn by repetition} 1/2-1/2

[Event "Team 45 45 League T72"]
[Site "Internet Chess Club"]
[Date "2017.04.02"]
[Round "3"]
[White "scottrugby"]
[Black "Grenadier"]
[Result "1-0"]
[WhiteElo "1482"]
[BlackElo "1586"]
[Opening "Caro-Kann: exchange, Rubinstein variation"]
[ECO "B13"]
[Time "21:00:46"]
[TimeControl "2700+45"]

1. e4 c6 2. d4 d5 3. exd5 cxd5 4. Bd3 Nc6 5. c3 Nf6 6. Bf4 Bg4 7. Qb3 Qc8 8. Nd2
e6 9. Ngf3 Be7 10. O-O Bh5 11. Ne5 Nxe5 12. Bxe5 O-O 13. Rae1 Bg6 14. Bxg6 hxg6
15. h3 a6 16. Re3 b5 17. Ra1 Qb7 18. a4 b4 19. Rc1 a5 20. c4 dxc4 21. Nxc4 Nd5
22. Re2 Rfc8 23. Rec2 Qd7 24. Ra1 Rc6 25. Qd3 Rac8 26. b3 Bd8 27. Rac1 Nc3 28.
Kf1 Nd5 29. Qg3 Qe7 30. Bd6 Qg5 31. Qf3 Qf5 32. Qg3 Qg5 33. Qf3 Qf6 34. Qe4 Qf5
35. Qxf5 gxf5 36. g3 Bg5 37. f4 Bd8 38. Bc5 Nc3 39. Ne5 Ra6 40. Kg2 Bb6 41. Bxb6
Rxb6 42. Nc4 Ra6 43. g4 fxg4 44. hxg4 Nd5 45. Kf3 Nc3 46. Rh2 Raa8 47. Nb6 Rcb8
48. Nxa8 Rxa8 49. Rch1 {Black resigns} 1-0

[Event "Team 45 45 League T72"]
[Site "Internet Chess Club"]
[Date "2017.04.03"]
[Round "3"]
[White "GoIrish"]
[Black "UrsaMajor"]
[Result "1-0"]
[WhiteElo "1566"]
[BlackElo "1413"]
[Opening "Réti: King's Indian attack (Barcza system)"]
[ECO "A07"]
[Time "20:40:58"]
[TimeControl "2700+45"]

1. Nf3 d5 2. g3 Nf6 3. Bg2 c6 4. O-O Bf5 5. d3 Nbd7 6. Nbd2 e6 7. Re1 Be7 8. e4
dxe4 9. dxe4 Bg4 10. c3 Qc7 11. Qc2 e5 12. b4 O-O 13. h3 Be6 14. Ng5 Rad8 15.
Nxe6 fxe6 16. Qb3 Rf7 17. Nf3 c5 18. Ng5 c4 19. Qc2 Nf8 20. Nxf7 Kxf7 21. Bb2 b5
22. Rad1 N8d7 23. a4 a6 24. axb5 axb5 25. Bc1 Kg8 26. Be3 Rf8 27. Ra1 Nb6 28.
Bxb6 Qxb6 29. Ra5 Nh5 30. Qa2 Bc5 31. bxc5 Qxc5 32. Re3 Nxg3 33. Rxg3 {Black
resigns} 1-0